 Dungeon Sprint DCSS version 0.18.1-5-g4a78601 (webtiles) character file.

11207 Hipnos the Imperceptible (level 11, 0/57 (58) HPs)
             Began as a Spriggan Enchanter on May 14, 2016.
             Was the Champion of Dithmenos.
             Engulfed by a cloud of foul pestilence (6 damage)
             ... in the Dungeon (Sprint I: "Red Sonja").
             The game lasted 00:09:14 (1422 turns).

Hipnos the Imperceptible (Spriggan Enchanter)       Turns: 1422, Time: 00:09:15

HP:   0/57 (58)     AC:  6    Str:  4    XL:     11   Next: 46%
MP:   25/25         EV: 31    Int: 18    God:    Dithmenos [******]
Gold: 1752          SH:  0    Dex: 19    Spells: 3 memorised, 22 levels left

rFire  . . .     SeeInvis +     a - +1 dagger
rCold  + + +     Gourm    .     o - +4 skin of Zhor {rC+++}
rNeg   . . .     Faith    .     (shield restricted)
rPois  .         Spirit   .     (helmet restricted)
rElec  .         Dismiss  .     (no cloak)
rCorr  .         Reflect  .     (gloves unavailable)
SustAt .         Harm     .     (boots unavailable)
MR     +....     NoTele   +     (no amulet)
Stlth  ++++++++++               p - ring of stealth
                                n - ring of stealth

@: lethally poisoned (0 -> -93), non-regenerating, diseased, slowed, wreathed by
umbra, quick, somewhat resistant to hostile enchantments, uncannily stealthy
A: unfitting armour, see invisible, herbivore 3, speed 3, slow metabolism 2
a: Shadow Step, Shadow Form, Renounce Religion


You were in the Dungeon.
You worshipped Dithmenos.
Dithmenos was exalted by your worship.
You were not hungry.

You visited 1 branch You collected 1927 gold pieces.
You spent 175 gold pieces at shops.

Inventory:

Hand Weapons
 a - a +1 dagger (weapon)
Armour
 b - a +1 robe
 o - the +4 skin of Zhor (worn) {rC+++}
   (You found it in the Dungeon)

   It renders you almost immune to cold.
Jewellery
 n - a ring of stealth (left hand)
 p - a ring of stealth (right hand)
Scrolls
 i - a scroll of magic mapping {unknown}
 j - a scroll of blinking
 l - a scroll of enchant armour {unknown}
 m - 3 scrolls of remove curse {unknown}
 q - a scroll of fog {unknown}
Potions
 g - a potion of haste
 h - 2 potions of magic
 k - 3 potions of lignification {unknown}
Books
 c - a book of Maledictions

   Spells                             Type                      Level
   a - Corona                         Hexes                        1
   b - Ensorcelled Hibernation        Hexes/Ice                    2
   c - Confuse                        Hexes                        3
   d - Tukima's Dance                 Hexes                        3
   e - Dazzling Spray                 Conjuration/Hexes            3
Comestibles
 d - a bread ration


   Skills:
 * Level 7.5 Fighting
 * Level 10.3 Short Blades
 * Level 13.3 Dodging
 * Level 25.4 Stealth
 + Level 9.1 Spellcasting
 * Level 15.7 Hexes
 + Level 0.2 Ice Magic


You had 22 spell levels left.
You knew the following spells:

 Your Spells              Type           Power        Failure   Level  Hunger
a - Corona                Hex            ######.      0%          1    None
b - Ensorcelled Hibernat  Hex/Ice        #####.       1%          2    None
c - Confuse               Hex            ######..     1%          3    None


Dungeon Overview and Level Annotations

Branches:
Dungeon (1/1)

Altars:
Cheibriados
Dithmenos
Elyvilon
Fedhas
Gozag
Kikubaaqudgha
Makhleb
Nemelex Xobeh
Okawaru
Pakellas
Qazlal
Ru
Sif Muna
Trog
Vehumet
Xom
Yredelemnul
Zin
The Shining One
Jiyva

Shops:
D (*[*[=%:(%??!*[=

Annotations:
D exclusion: oklob plant, Lom Lobon


Innate Abilities, Weirdness & Mutations

You are tiny and cannot use many weapons and most armour.
You have supernaturally acute eyesight.
You are a herbivore.
You cover ground extremely quickly.
You need consume almost no food.


Message History

Drink which item? (? for menu, Esc to quit)
You feel better.
You are engulfed in dark miasma.
You are lethally poisoned!
* * * LOW HITPOINT WARNING * * *
x2 You feel very sick.
Drink which item? (? for menu, Esc to quit)
You feel much better.
You are engulfed in dark miasma.
You are lethally poisoned!
You emit a cloud of dark smoke.
You feel very sick.
You are engulfed in dark miasma.
You are more poisoned.
You feel your flesh rotting away!
You feel ill.
You feel as though you will be slow longer.
* * * LOW HITPOINT WARNING * * *
x2 You feel very sick.
Found a shiny scale mail.
You fail to use your ability.
You are engulfed in dark miasma.
You are more poisoned.
You die...

##.# ###.†# §'.#
#.+.†# ##§# #.##'#
§#.# #§#≈≈≈# #§§#
####§#≈≈≈≈# ####
###§§§§#≈≈≈≈≈# #
#####§§.§####≈≈≈≈#
# #..§§§§§§#
#'≈≈≈9 ...§§§§@§#
##≈≈#≈ #
...§§§§§§# #
###.§&§..# #
#§§§§§§# #§§§§§.§
§§§§§§§.#[
###########


You could see Lom Lobon (sleeping).

Vanquished Creatures
  A hydra (D)
  2 centaur warriors (D)
  Sonja (D)
  2 unseen horrors (D)
  A deep troll (D)
  A lindwurm (D)
  An oklob plant (D)
  2 sirens (D)
  2 kobold demonologists (D)
  4 demonic crawlers (D)
  A slime creature (D)
  Sigmund (D)
  2 redbacks (D)
  13 hogs (D)
  A yak (D)
  3 giant eyeballs (D)
  4 wasps (D)
  7 necrophages (D)
  An ogre (D)
  8 jellies (D)
  Ijyb (D)
59 creatures vanquished.

Vanquished Creatures (others)
  A wasp (D)
1 creature vanquished.

Grand Total: 60 creatures vanquished

Notes
Turn   | Place    | Note
--------------------------------------------------------------
     0 | D        | Hipnos the Spriggan Enchanter began the quest for the Orb.
     0 | D        | Reached XP level 1. HP: 9/9 MP: 5/5
     1 | D        | Noticed Ijyb
    22 | D        | Killed Ijyb
    22 | D        | Reached skill level 7 in Stealth
    22 | D        | Reached skill level 5 in Hexes
    22 | D        | Reached XP level 2. HP: 5/13 MP: 7/7
   333 | D        | Learned a level 2 spell: Ensorcelled Hibernation
   333 | D        | Noticed an ogre
   336 | D        | Killed an ogre
   336 | D        | Reached skill level 5 in Dodging
   336 | D        | Reached skill level 10 in Stealth
   336 | D        | Reached XP level 3. HP: 16/16 MP: 7/9
   336 | D        | Reached XP level 4. HP: 21/21 MP: 8/11
   341 | D        | Learned a level 3 spell: Confuse
   350 | D        | Noticed Sigmund
   353 | D        | Killed Sigmund
   353 | D        | Reached skill level 1 in Fighting
   353 | D        | Reached skill level 12 in Stealth
   353 | D        | Reached XP level 5. HP: 26/26 MP: 9/12
   353 | D        | Reached XP level 6. HP: 30/30 MP: 9/13
   366 | D        | Found a snail-covered altar of Cheibriados.
   366 | D        | Found a viscous altar of Jiyva.
   366 | D        | Found a shadowy altar of Dithmenos.
   366 | D        | Found a blossoming altar of Fedhas.
   366 | D        | Noticed a slime creature
   369 | D        | Killed a slime creature
   369 | D        | Reached skill level 13 in Stealth
   369 | D        | Reached skill level 5 in Spellcasting
   369 | D        | Reached skill level 10 in Hexes
   371 | D        | Became a worshipper of Dithmenos the Shadowed
   392 | D        | Found a deep blue altar of Sif Muna.
   394 | D        | Found a radiant altar of Vehumet.
   401 | D        | Found Namixko's Antique Weapon Emporium.
   401 | D        | Found a white marble altar of Elyvilon.
   401 | D        | Found a stormy altar of Qazlal.
   401 | D        | Found a burning altar of Makhleb.
   401 | D        | Found a sacrificial altar of Ru.
   401 | D        | Found an oddly glowing altar of Pakellas.
   401 | D        | Found a basalt altar of Yredelemnul.
   401 | D        | Found a glowing golden altar of the Shining One.
   401 | D        | Found a sparkling altar of Nemelex Xobeh.
   401 | D        | Found a shimmering altar of Xom.
   401 | D        | Found an opulent altar of Gozag.
   401 | D        | Found an ancient bone altar of Kikubaaqudgha.
   401 | D        | Found a glowing silver altar of Zin.
   401 | D        | Noticed a yak
   402 | D        | Found an iron altar of Okawaru.
   403 | D        | Killed a yak
   403 | D        | Reached skill level 14 in Stealth
   403 | D        | Reached XP level 7. HP: 36/36 MP: 15/15
   404 | D        | Found a bloodstained altar of Trog.
   444 | D        | Noticed Sonja
   448 | D        | Killed Sonja
   448 | D        | Reached * piety under Dithmenos
   448 | D        | Reached skill level 5 in Short Blades
   448 | D        | Reached skill level 16 in Stealth
   448 | D        | Reached XP level 8. HP: 42/42 MP: 15/17
   460 | D        | Noticed a deep troll
   464 | D        | Killed a deep troll
   464 | D        | Reached skill level 10 in Dodging
   464 | D        | Reached skill level 17 in Stealth
   476 | D        | Found Replen's Armour Emporium.
   501 | D        | Noticed a centaur warrior
   501 | D        | Noticed a centaur warrior
   503 | D        | Killed a centaur warrior
   503 | D        | Reached skill level 18 in Stealth
   503 | D        | Reached XP level 9. HP: 46/46 MP: 19/19
   505 | D        | Killed a centaur warrior
   505 | D        | Reached ** piety under Dithmenos
   505 | D        | Reached skill level 5 in Fighting
   505 | D        | Reached skill level 19 in Stealth
   529 | D        | Noticed an oklob plant
   531 | D        | Killed an oklob plant
   531 | D        | Reached skill level 20 in Stealth
   567 | D        | Noticed an unseen horror
   567 | D        | Noticed an unseen horror
   571 | D        | Killed an unseen horror
   571 | D        | Reached *** piety under Dithmenos
   571 | D        | Reached skill level 21 in Stealth
   571 | D        | Reached XP level 10. HP: 52/52 MP: 21/21
   573 | D        | Killed an unseen horror
   592 | D        | Reached **** piety under Dithmenos
   596 | D        | Reached skill level 22 in Stealth
   675 | D        | Reached ***** piety under Dithmenos
   941 | D        | Found Looptoj's Distillery.
   941 | D        | Found Zenot's Jewellery Emporium.
   941 | D        | Found Vour's General Store.
   943 | D        | Found Jihairch's Magic Scroll Boutique.
   943 | D        | Found Naarphyku's Magic Scroll Shoppe.
   943 | D        | Found Vusoemad's Food Shop.
   943 | D        | Found Kezydib's Weapon Emporium.
   943 | D        | Found Ymiu's Book Boutique.
   943 | D        | Found Tohein's Food Shoppe.
   943 | D        | Found Asyaxt's Jewellery Shop.
   945 | D        | Bought an uncursed ring of stealth for 175 gold pieces
   950 | D        | Found Kuplioff's Antique Armour Emporium.
   951 | D        | Found Quff's Assorted Antiques.
   951 | D        | Found Muyzem's Antique Armour Shoppe.
   952 | D        | Found Tulof's General Store.
  1027 | D        | Reached skill level 15 in Hexes
  1033 | D        | Reached ****** piety under Dithmenos
  1035 | D        | Reached skill level 23 in Stealth
  1058 | D        | Noticed a lindwurm
  1060 | D        | Killed a lindwurm
  1060 | D        | Reached XP level 11. HP: 54/56 MP: 24/24
  1075 | D        | Reached skill level 24 in Stealth
  1105 | D        | Reached skill level 10 in Short Blades
  1199 | D        | Noticed a daeva
  1292 | D        | Noticed a 12-headed hydra
  1294 | D        | Killed a 12-headed hydra
  1323 | D        | Noticed a deep elf annihilator
  1327 | D        | Noticed a mummy priest
  1328 | D        | Reached skill level 25 in Stealth
  1330 | D        | Noticed an oklob plant
  1343 | D        | Noticed Lom Lobon
  1422 | D        | Engulfed by a cloud of foul pestilence

Skill      XL: |  1  2  3  4  5  6  7  8  9 10 11 |
---------------+----------------------------------+-----
Dodging        | 4 5 7 8 9 10 11 12 13 | 13.3
Stealth        | 7 10 12 14 16 18 21 23 25 | 25.4
Spellcasting   | 3 4 5 6 7 8 9 |  9.1
Hexes          | 5 7 9 11 12 13 14 15 | 15.7
Fighting       | 1 3 4 5 6 7 |  7.5
Short Blades   | 3 4 5 7 8 9 10 | 10.3
Ice Magic      | |  0.2

Action                   |  1- 3 |  4- 6 |  7- 9 | 10-12 || total
-------------------------+-------+-------+-------+-------++-------
Melee: Dagger            |    19 |     4 |    10 |    96 ||   129
 Cast: Ensorcelled Hiber |       |       |     1 |     7 ||     8
       Confuse           |       |       |       |    16 ||    16
  Use: Potion            |     1 |       |       |     3 ||     4
 Stab: Sleeping          |     2 |     4 |     9 |    34 ||    49
       Confused          |       |       |       |     9 ||     9
Armor: Robe              |     2 |       |       |       ||     2
       Animal skin       |       |       |       |     2 ||     2
Dodge: Dodged            |    12 |       |     2 |    56 ||    70
